 Dungeon Crawl Stone Soup version 0.28.0-1-gb440e238dd (webtiles) character file.

Game seed: 5817877390715139221

181 Kaptain the Magician (level 5, -5/29 HPs)
             Began as a Deep Elf Earth Elementalist on Feb 22, 2022.
             Blown up by Ijyb (12 damage)
             ... with a mindburst bolt
             ... on level 3 of the Dungeon.
             The game lasted 00:05:15 (2299 turns).

Kaptain the Magician (Deep Elf Earth Elementalist)  Turns: 2299, Time: 00:05:16

Health: -5/29      AC:  2    Str:  5    XL:     5   Next: 34%
Magic:  7/13       EV: 13    Int: 22    God:
Gold:   96         SH:  0    Dex: 15    Spells: 4/13 levels left

rFire   . . .      SeeInvis .   h - +0 trident
rCold   . . .      Faith    .   (no shield)
rNeg    . . .      Spirit   .   b - +0 robe
rPois   .          Reflect  .   (no helmet)
rElec   .          Harm     .   (no cloak)
rCorr   .          Rampage  .   (no gloves)
Will    .....                   (no boots)
Stlth   ++........              (no amulet)
HPRegen 0.09/turn               (no ring)
MPRegen 0.13/turn               (no ring)

@: no status effects
A: no striking features
a: no special abilities


You were on level 3 of the Dungeon.
You visited 1 branch of the dungeon, and saw 3 of its levels.

You collected 96 gold pieces.

Inventory:

Hand Weapons
 h - a +0 trident (weapon)
Missiles
 c - 44 stones
Armour
 b - a +0 robe (worn)
Scrolls
 d - a scroll of immolation {unknown}
 e - 2 scrolls of identify {unknown}
 f - a scroll of noise {unknown}
 g - a scroll of blinking {unknown}
 j - a scroll of enchant armour {unknown}
Potions
 a - a potion of cancellation {unknown}
 i - a potion of heal wounds {unknown}


   Skills:
 + Level 1.1 Fighting
 + Level 3.2 Dodging
 + Level 3.3 Stealth
 * Level 4.6 Spellcasting
 * Level 1.6 Conjurations
 - Level 1.1 Transmutations
 * Level 4.4 Earth Magic


You had 4 spell levels left.
You knew the following spells:

 Your Spells              Type           Power      Damage    Failure   Level
a - Sandblast             Erth           48%        2d12      1%          1
b - Stone Arrow           Conj/Erth      36%        3d9       9%          3
c - Blink                 Tloc           10%        N/A       16%         2
d - Swiftness             Air            5%         N/A       32%         3

Your spell library contained the following spells:

 Spells                   Type           Power      Damage    Failure   Level
 Passwall                 Tmut/Erth      14%        N/A       4%          2
 Static Discharge         Conj/Air       8%         N/A       12%         2
 Ensorcelled Hibernation  Hex/Ice        10%        N/A       16%         2
 Gell's Gravitas          Tloc           5%         N/A       32%         3
 Lesser Beckoning         Tloc           5%         N/A       32%         3
 Teleport Other           Tloc           5%         N/A       32%         3
 Petrify                  Tmut/Erth      17%        N/A       32%         4
 Lightning Bolt           Conj/Air       4%         1d15      91%         5
 Manifold Assault         Tloc           5%         N/A       96%         5
 Maxwell's Capacitive Co  Air            2%         ∞         100%        8


Dungeon Overview and Level Annotations

Branches:
Dungeon (3/15)

Altars:
Trog

Shops:
D:2 :

Annotations:
D:3 Ijyb


Message History

A ball python comes into view.
The ball python moves out of view.
Ijyb the Twisted Goblin comes into view.
She is wielding a +0 dagger, wearing a +2 leather armour of cold resistance and carrying a wand of mindburst (20).
Ijyb shouts!
You hear an angry hiss.
Casting: Sandblast (safe; 1% risk of failure)
Confirm with . or Enter, or press ? or * to list all spells.
The spell is quite dangerous to miscast (9% risk of failure)!
Continue anyway?
Aiming: Stone Arrow (quite dangerous; 9% risk of failure)
Press: ? - help, Shift-Dir - straight line, f - Ijyb
Aim: Ijyb, wielding a +0 dagger, wearing a +2 leather armour of cold resistance and carrying a wand of mindburst (20) (60% to hit)
The stone arrow hits Ijyb.
Ijyb is moderately wounded.
A rat comes into view.
Casting: Stone Arrow (quite dangerous; 9% risk of failure)
Confirm with . or Enter, or press ? or * to list all spells.
Aiming: Sandblast (safe; 1% risk of failure)
Press: ? - help, Shift-Dir - straight line, f/p - Ijyb
Aim: Ijyb, wielding a +0 dagger, wearing a +2 leather armour of cold resistance and carrying a wand of mindburst (20) (moderately wounded, 76% to hit)
The blast of sand hits Ijyb.
Ijyb is moderately wounded.
Ijyb zaps a wand.
Your mind is blasted!
Ouch! That really hurt!
* * * LOW HITPOINT WARNING * * *
Casting: Sandblast (safe; 1% risk of failure)
Confirm with . or Enter, or press ? or * to list all spells.
Aiming: Sandblast (safe; 1% risk of failure)
Press: ? - help, Shift-Dir - straight line, f/p - Ijyb
Aim: Ijyb, wielding a +0 dagger, wearing a +2 leather armour of cold resistance and carrying a wand of mindburst (19) (moderately wounded, 76% to hit)
The blast of sand hits Ijyb!
Ijyb is severely wounded.
Unknown command.
Casting: Sandblast (safe; 1% risk of failure)
Confirm with . or Enter, or press ? or * to list all spells.
Aiming: Sandblast (safe; 1% risk of failure)
Press: ? - help, Shift-Dir - straight line, f/p - Ijyb
Aim: Ijyb, wielding a +0 dagger, wearing a +2 leather armour of cold resistance and carrying a wand of mindburst (19) (severely wounded, 76% to hit)
The blast of sand hits Ijyb but does no damage.
Ijyb is severely wounded.
Ijyb zaps a wand.
Your mind is blasted!
You die...

#.... #.>.. #.... #
#.... .## #.... ...
#.... #r# #....
...##S.#################
.....g.@................
.....#..###........#####
..# ##.# #........##...
#.. #)..........## #..
#.......######
#...#.......# #
#...###...#.# # #...#
#...#.# # .... #...#.# #


You could see Ijyb, a ball python and a rat.

Vanquished Creatures
  A phantom (D:3)
  5 gnolls
  2 adders (D:2)
  2 dart slugs (D:3)
  An orc (D:3)
  4 ball pythons
  5 endoplasms
  A giant cockroach (D:2)
  5 goblins
  A hobgoblin (D:2)
  A quokka (D:1)
  4 bats
  A frilled lizard (D:1)
  3 kobolds
  3 rats
39 creatures vanquished.

Vanquished Creatures (others)
  4 fungi (D:3)
  3 plants (D:3)
7 creatures vanquished.

Grand Total: 46 creatures vanquished

Notes
Turn   | Place    | Note
-------+----------+-------------------------------------------
     0 | D:1      | Kaptain the Deep Elf Earth Elementalist began the quest for
                  | the Orb.
     0 | D:1      | Reached XP level 1. HP: 10/10 MP: 6/6
    57 | D:1      | Reached XP level 2. HP: 15/15 MP: 4/8
   655 | D:1      | You fall into a shaft and drop 1 floor!
  1254 | D:2      | Reached XP level 3. HP: 20/20 MP: 7/10
  1258 | D:2      | Learned a level 3 spell: Stone Arrow
  1261 | D:2      | Learned a level 2 spell: Blink
  1494 | D:2      | Reached XP level 4. HP: 23/24 MP: 3/11
  1496 | D:2      | Reached skill level 1 in Conjurations
  1700 | D:2      | Found a bloodstained altar of Trog.
  1745 | D:2      | Found Miuqoott's Book Boutique.
  1865 | D:3      | Noticed a phantom
  1996 | D:3      | Killed a phantom
  1997 | D:3      | Reached skill level 1 in Fighting
  1997 | D:3      | Reached XP level 5. HP: 29/29 MP: 5/13
  2006 | D:3      | Learned a level 3 spell: Swiftness
  2294 | D:3      | Noticed Ijyb
  2299 | D:3      | Blown up by Ijyb

Illustrated notes

Levels and vault maps discovered:
D:1:      dpeg_arrival_pits, layout_loops_ring, serial_bayou_lagoon_b
D:2:      layout_basic, basic_altar, serial_shops, shop
D:3:      layout_basic, dreamdust_ecumenical_altar_grove, uniq_ijyb,
          uniq_terence

Skill      XL: |  1  2  3  4 |
---------------+-------------+-----
Earth Magic    | 4 |  4.4
Stealth        | 3 |  3.3
Spellcasting   | 4 |  4.6
Conjurations   | 1 |  1.6
Dodging        | 3 |  3.2
Fighting       | 1 |  1.1
Transmutations | |  1.1

Action                   |  1- 3 |  4- 6 || total
-------------------------+-------+-------++-------
Melee: Trident           |       |     7 ||     7
 Cast: Sandblast         |    35 |    23 ||    58
       Stone Arrow       |       |     2 ||     2
 Stab: Sleeping          |       |     1 ||     1
Armor: Robe              |     2 |       ||     2
Dodge: Dodged            |     6 |     3 ||     9
